AoeStats
← 散步黑鵝

Nomad

509076157Analyzed
4v4 RM · 7d ago on Sep 25, 2026· 46m 58s· 8 players
Game mode
Random Map
Map size
231×231
Population
200
Speed
Normal
Resources
Standard
Victory
Conquest
Starting age
Dark Age
Ending age
Imperial Age
RankedLock teamsTeams togetherTeam positionsShared explorationLock speedFull tech treeHidden civsTurbo modeCheats
Victory
Defeat
🇹🇼 Varangians · Taiwan
2094
+13
🇹🇼 Berbers · Taiwan
2052
+14
🇹🇼 Persians · Taiwan
1866
+23
🇹🇼 Vietnamese · Taiwan
1615
+29
🇨🇳 Varangians · China
2162
-25
🇨🇳 Dravidians · China
2019
-20
🇨🇳 Danes · China
1995
-20
🇨🇳 Saxons · China
1841
-14
白龍
13:30 Feudal Age
15:36 Loom
18:14 Castle Age
17:27 Double-Bit Axe
19:00 Scale Barding Armor
19:30 Town Watch
20:15 Bow Saw
23:08 Horse Collar
27:03 Wheelbarrow
30:37 Heavy Plow
31:01 Chain Barding Armor
31:17 Bloodlines
31:57 Husbandry
33:03 Forging
35:12 Town Patrol
36:57 Fortified Wall
36:29 Treadmill Crane
37:56 Masonry
39:58 Iron Casting
39:40 Hand Cart
43:43 Imperial Age
41:39 Stone Mining
41:40 Gold Mining
43:17 Fletching
45:01 Plate Barding Armor
44:55 Conscription
45:53 Blast Furnace
44:34 Elite Jarl
46:04 Ballistics
46:08 Heavy Plow
46:36 Bodkin Arrow
小白
11:27 Feudal Age
11:59 Double-Bit Axe
16:34 Wheelbarrow
17:26 Loom
20:28 Castle Age
21:12 Bow Saw
29:45 Fishing Lines
32:28 Gillnets
36:05 Horse Collar
37:57 Heavy Plow
37:47 Gold Mining
42:21 Imperial Age
40:13 Stone Mining
41:08 Clinker Construction
43:09 Carvel Hull
43:48 Caravan
46:53 Hand Cart
護鵝協會
12:52 Loom
17:07 Feudal Age
22:46 Castle Age
21:32 Double-Bit Axe
22:45 Town Watch
24:23 Medium Warships
24:42 Forging
27:17 Horse Collar
34:30 Wheelbarrow
37:23 Hand Cart
42:16 Imperial Age
39:54 Scale Barding Armor
40:26 Iron Casting
41:02 Chain Barding Armor
40:53 Heavy Plow
42:55 Chatras
43:35 Plate Barding Armor
43:16 Elite Battle Elephant
44:07 Bloodlines
43:59 Husbandry
散步黑鵝
12:12 Loom
14:09 Feudal Age
17:59 Castle Age
17:39 Double-Bit Axe
20:16 Bow Saw
21:03 Fishing Lines
21:59 Horse Collar
23:16 Fletching
24:13 Medium Warships
26:11 Wheelbarrow
26:13 Bodkin Arrow
34:18 Imperial Age
32:10 Padded Archer Armor
32:02 Stone Mining
32:03 Gold Mining
33:16 Bloodlines
33:07 Husbandry
33:30 Hand Cart
33:00 Town Watch
34:11 Ballistics
35:08 Stone Shaft Mining
35:08 Gold Shaft Mining
34:52 Heavy Plow
35:05 Bracer
36:23 Chemistry
35:42 Elite Camel Archer
36:46 Leather Archer Armor
37:28 Conscription
38:14 Masonry
38:32 Scale Mail Armor
39:03 Ring Archer Armor
38:59 Kasbah
39:15 Siege Engineers
41:49 Treadmill Crane
42:57 Maghrebi Camels
43:33 Hoardings
43:42 Murder Holes
44:03 Thumb Ring
CNZS_迷你车仁
13:42 Feudal Age
15:17 Wheelbarrow
17:27 Castle Age
15:37 Double-Bit Axe
16:07 Fishing Lines
18:20 Forging
18:42 Bow Saw
18:21 Loom
19:29 Gillnets
20:24 Medium Warships
20:50 Horse Collar
22:06 Iron Casting
25:16 Wheelbarrow
30:39 Imperial Age
28:16 Stone Mining
29:54 Stone Shaft Mining
30:30 Hand Cart
30:20 Gold Mining
30:34 Heavy Plow
31:54 Conscription
31:53 Scale Barding Armor
31:50 Cavalier
32:43 Bloodlines
32:58 Chain Barding Armor
33:19 Vendel Legacy
34:51 Plate Barding Armor
34:40 Husbandry
40:20 Blast Furnace
41:54 Elite Jarl
CNZS_旋律
9:20 Loom
12:37 Feudal Age
13:59 Double-Bit Axe
16:20 Castle Age
14:25 Horse Collar
15:27 Fletching
17:19 Bow Saw
17:22 Bodkin Arrow
30:37 Wheelbarrow
30:27 Ballistics
31:07 Bloodlines
32:52 Town Watch
33:16 Husbandry
33:29 Bloodlines
37:12 Husbandry
41:02 Imperial Age
38:02 Elite Skirmisher
38:45 Padded Archer Armor
39:01 Hand Cart
39:32 Scale Mail Armor
39:39 Heavy Plow
39:24 Pikeman
40:04 Squires
41:18 Chain Mail Armor
41:12 Gold Mining
41:12 Stone Mining
42:05 Conscription
41:07 Halberdier
41:14 Onager
43:33 Chain Mail Armor
43:29 Forging
47:14 Plate Mail Armor
47:20 Iron Casting
CNZS_Bad Koala
5:03 Loom
16:50 Feudal Age
17:26 Town Watch
19:40 Double-Bit Axe
21:22 Stone Mining
23:47 Wheelbarrow
25:51 Fishing Lines
28:43 Castle Age
28:30 Gold Mining
30:03 Bow Saw
30:59 Horse Collar
33:00 Wheelbarrow
32:26 Heavy Plow
32:48 Fletching
33:01 Scale Mail Armor
33:11 Forging
36:12 Hand Cart
39:11 Imperial Age
38:36 Squires
39:37 Elite Varangian Guard
40:54 Arson
40:32 Shield Wall
41:50 Chain Mail Armor
42:11 Iron Casting
42:34 Conscription
41:59 Capped Ram
44:17 Plate Mail Armor
44:28 Pikeman
45:15 Halberdier
CNZS_CC
11:50 Feudal Age
Connection lost

Rejoining the realm…

Still unreachable

The connection could not be restored.

Session expired

The server has moved on; the page needs a fresh start.